AoeStats
← TechKO

Arabian Desert

510328649Analyzed
1v1 RM · 2d ago on Sep 30, 2026· 36m 12s· 2 players
Game mode
Random Map
Map size
Tiny (2 player)
Population
200
Speed
Normal
Resources
Standard
Victory
Conquest
Starting age
Dark Age
Ending age
Imperial Age
RankedLock teamsTeams togetherTeam positionsShared explorationLock speedFull tech treeHidden civsTurbo modeCheats
Victory
Defeat
793
+14
🇺🇸 Celts · United States
741
-14
word.exe ömer EasySkins com
11:54 Feudal Age
11:03 Loom
13:27 Horse Collar
13:52 Double-Bit Axe
18:09 Castle Age
19:07 Husbandry
21:33 Forging
23:16 Scale Barding Armor
27:37 Iron Casting
29:59 Wheelbarrow
29:37 Heavy Plow
33:37 Hand Cart
34:25 Chain Barding Armor
TechKO
0:26 Loom
11:05 Feudal Age
12:34 Double-Bit Axe
17:39 Castle Age
15:55 Horse Collar
18:07 Gold Mining
21:41 Scale Mail Armor
23:17 Forging
24:43 Town Watch
25:35 Wheelbarrow
28:35 Arson
31:12 Gambesons
32:55 Hand Cart
32:37 Pikeman
Connection lost

Rejoining the realm…

Still unreachable

The connection could not be restored.

Session expired

The server has moved on; the page needs a fresh start.